[Event "Titled Tuesday Blitz October 31 Late 2023"]
[White "Martinez Reyes, Pedro Ramon"]
[Black "Romero Ruscalleda, Josep"]
[WhiteFideId "3901807"]
[BlackFideId "2231859"]
[WhiteElo "2613"]
[BlackElo "2304"]
[Result "1/2-1/2"]
[Round "6"]
[TimeControl "180+1"]
[Date "2023.10.31"]
[WhiteClock "0:00:24"]
[BlackClock "0:00:12"]
[Board "120"]

1. d4 g6 2. c4 Bg7 3. Nf3 d6 4. Nc3 Bg4 5. e3 Nc6 6. Be2 e5 7. Nxe5 dxe5 8. Bxg4 exd4 9. Nd5 Nf6 10. Nxf6+ Qxf6 11. O-O O-O 12. Bf3 Rad8 13. Bd5 Ne7 14. exd4 Nxd5 15. cxd5 Qxd4 16. Be3 Qxd5 17. Qc2 Qa5 18. b4 Qa6 19. Rab1 c6 20. a4 Qd3 21. Qxd3 Rxd3 22. Bxa7 Ra8 23. Be3 Rxa4 24. b5 Bd4 25. bxc6 bxc6 26. Bh6 Ra8 27. Rb7 Bg7 28. Be3 Rc8 29. Rc1 f5 30. Kf1 Rd5 31. Ke2 c5 32. Rb5 Bf8 33. Rc4 Kf7 34. Rb7+ Kg8 35. h4 Re8 36. Kf3 Rd3 37. g4 fxg4+ 38. Kxg4 Bd6 39. h5 gxh5+ 40. Kxh5 Re5+ 41. Kh4 Re7 42. Rb6 Re6 43. Rg4+ Kf7 44. Rb7+ Be7+ 45. Kg3 h5 46. Rf4+ Rf6 47. Re4 Rg6+ 48. Kf3 Rf6+ 49. Ke2 Rxe3+ 50. fxe3 Re6 51. Rf4+ Kg6 52. Kf3 Bd6 53. Ra4 Rf6+ 54. Ke4 h4 55. Kd5 h3 56. e4 h2 57. Ra1 Bg3 58. Rh1 Rd6+ 59. Kxc5 Rd2 60. Rb3 Bf2+ 61. Kc4 Bg1 62. e5 Kf5 63. Rb5 Ke6 64. Kc3 Rd5 65. Rb6+ Kxe5 66. Rh6 Rd7 67. Rh4 Kf5 68. Kc2 Kg5 69. Rh3 Kg4 70. Rh8 Kg3 71. Rg8+ Kf3 72. Kc3 Rc7+ 73. Kb3 Rc5 74. Rgxg1 hxg1=Q 75. Rxg1 Ke4 76. Re1+ Kf5 77. Kb4 Rc7 78. Rf1+ Ke4 79. Kb3 Rc6 80. Rf8 Rc7 81. Rf1 Rc6 82. Rf7 Rc5 83. Kb4 Rc1 84. Rf2 Rb1+ 85. Kc3 Rc1+ 86. Kd2 Rc8 87. Rh2 Ke5 88. Ke3 Kf5 89. Kf3 Kg5 90. Rb2 Kf5 91. Rb5+ Ke6 92. Ke4 Rc4+ 93. Kd3 Rh4 94. Rb6+ Kd5 95. Rb5+ Kd6 96. Rg5 Ke6 97. Ke3 Kd6 98. Ra5 Ke6 99. Kf3 Kd6 100. Rb5 Ra4 101. Kg3 Kc6 102. Rb3 Kd5 103. Rd3+ Ke5 104. Rd8 Kf5 105. Rf8+ Ke6 106. Rh8 Kf6 107. Rh6+ Kg5 108. Rb6 Ra3+ 109. Kf2 Kf4 110. Rb4+ Ke5 111. Rb2 Kd5 112. Re2 Kd4 113. Ke1 Kd3 114. Kf2 Ra4 115. Re3+ Kd4 116. Kf3 Ra5 117. Re4+ Kd5 118. Kf4 Ra1 119. Re5+ Kd4 120. Re8 Rf1+ 121. Kg3 Rg1+ 122. Kf2 Rb1 123. Rd8+ Ke5 124. Rd2 Ke4 125. Ra2 1/2-1/2


[Site "https://www.chess.com"]

[Event "Titled Tuesday Blitz October 31 Late 2023"]
[White "Bazzano, Sebastian"]
[Black "jactorres"]
[WhiteFideId "104566"]
[WhiteElo "2261"]
[BlackElo "2494"]
[Result "1-0"]
[Round "6"]
[TimeControl "180+1"]
[Date "2023.10.31"]
[WhiteClock "0:01:57"]
[BlackClock "0:02:11"]
[Board "121"]

1. d4 d6 2. e4 g6 3. Nc3 Bg7 4. Bf4 c6 5. Qd2 b5 6. O-O-O a5 7. Nf3 Nd7 8. e5 d5 9. h4 h5 10. e6 fxe6 11. Bd3 Nf8 12. Ne5 Bxe5 13. Bxe5 Nf6 14. Qg5 Kf7 15. Ne2 Ne4 16. Bxe4 dxe4 17. Bxh8 1-0


[Site "https://www.chess.com"]

[Event "Titled Tuesday Blitz October 31 Late 2023"]
[White "Czerw, Dawid"]
[Black "rikchessmx"]
[WhiteFideId "1145746"]
[WhiteElo "2471"]
[BlackElo "2291"]
[Result "1-0"]
[Round "6"]
[TimeControl "180+1"]
[Date "2023.10.31"]
[WhiteClock "0:02:06"]
[BlackClock "0:00:00"]
[Board "122"]

1. d4 Nf6 2. c4 e6 3. Nc3 d5 4. cxd5 exd5 5. Bg5 Nbd7 6. e3 Be7 7. Bd3 O-O 8. Nge2 c6 9. Qc2 Re8 10. O-O g6 11. Bf4 Nh5 12. Nxd5 Bf8 13. Ndc3 Nxf4 14. Nxf4 Nb6 15. Rad1 Qh4 16. h3 g5 17. Nfe2 h5 18. Bf5 g4 19. Bxc8 Raxc8 20. g3 Qg5 21. h4 Qh6 22. Nf4 Bd6 23. Nd3 Re6 24. e4 Rce8 25. e5 Be7 26. Nf4 Rg6 27. Nxg6 fxg6 28. Rfe1 g5 29. hxg5 Bxg5 30. Ne4 h4 31. Nxg5 Qxg5 32. Qd2 1-0


[Site "https://www.chess.com"]

[Event "Titled Tuesday Blitz October 31 Late 2023"]
[White "Koc, Przemyslaw"]
[Black "Lock, Gavin R"]
[WhiteFideId "1109081"]
[BlackFideId "408646"]
[WhiteElo "2445"]
[BlackElo "2243"]
[Result "1-0"]
[Round "6"]
[TimeControl "180+1"]
[Date "2023.10.31"]
[WhiteClock "0:00:51"]
[BlackClock "0:00:00"]
[Board "123"]

1. e4 c6 2. Nf3 d5 3. d3 dxe4 4. Ng5 exd3 5. Bxd3 Nd7 6. Nxh7 Ne5 7. Nxf8 Nxd3+ 8. cxd3 Kxf8 9. Nc3 Nf6 10. Bf4 Bf5 11. d4 Nd5 12. Bg3 g6 13. O-O Kg7 14. Re1 Re8 15. Qe2 Nxc3 16. bxc3 Qd5 17. c4 Qd7 18. Rad1 Rad8 19. h3 b5 20. cxb5 cxb5 21. d5 a5 22. Bf4 Rc8 23. g4 Rc2 24. Rd2 Rxd2 25. Qxd2 Bxg4 26. hxg4 Qxg4+ 27. Bg3 Rh8 28. Qe2 Qh3 29. Qf1 Qf5 30. Qg2 Rd8 31. Rd1 b4 32. Qf1 a4 33. Qc4 Rh8 34. Qd4+ Kg8 35. d6 Qf3 36. Bh2 Qh3 37. Qf4 Rh5 38. dxe7 1-0


[Site "https://www.chess.com"]

[Event "Titled Tuesday Blitz October 31 Late 2023"]
[White "pinguino120"]
[Black "Arutla, Aditya"]
[BlackFideId "30961998"]
[WhiteElo "2236"]
[BlackElo "2438"]
[Result "1/2-1/2"]
[Round "6"]
[TimeControl "180+1"]
[Date "2023.10.31"]
[WhiteClock "0:01:22"]
[BlackClock "0:01:18"]
[Board "124"]

1. e4 e5 2. Nf3 Nc6 3. Bc4 Nf6 4. d3 h6 5. c3 d6 6. O-O g5 7. Be3 Bg7 8. Nbd2 O-O 9. b4 Ng4 10. a4 Nxe3 11. fxe3 Kh8 12. Qb3 f5 13. b5 Na5 14. Qb4 Nxc4 15. Qxc4 fxe4 16. Nxe4 Qe7 17. Qb4 Bg4 18. c4 Qe6 19. Rf2 Bf5 20. Raf1 b6 21. Nfd2 Bg6 22. a5 Rxf2 23. Rxf2 Rf8 24. Rxf8+ Bxf8 25. axb6 axb6 26. Qa4 d5 27. Qa8 dxe4 28. Qxf8+ Kh7 29. Nxe4 Bxe4 30. dxe4 Qxc4 31. Qe7+ Kg6 32. Qxe5 Qc1+ 33. Kf2 Qd2+ 34. Kf3 Qd1+ 35. Kf2 Qd2+ 36. Kf3 Qd1+ 37. Kf2 Qd2+ 1/2-1/2


[Site "https://www.chess.com"]

[Event "Titled Tuesday Blitz October 31 Late 2023"]
[White "Liu, Casper"]
[Black "Broca Jimenez, Fernando"]
[WhiteFideId "1454153"]
[BlackFideId "5104742"]
[WhiteElo "2433"]
[BlackElo "2234"]
[Result "1-0"]
[Round "6"]
[TimeControl "180+1"]
[Date "2023.10.31"]
[WhiteClock "0:00:27"]
[BlackClock "0:00:00"]
[Board "125"]

1. e4 c5 2. Nc3 g6 3. Nce2 Bg7 4. d4 cxd4 5. Nxd4 Nc6 6. Ngf3 Nf6 7. Nxc6 bxc6 8. Bd3 O-O 9. O-O Rb8 10. c3 d5 11. exd5 Nxd5 12. Qa4 Qc7 13. Re1 Nb6 14. Qe4 Bf5 15. Qe2 Bxd3 16. Qxd3 Rbd8 17. Qe4 Rd7 18. Qh4 Rfd8 19. Bf4 Qc8 20. Rxe7 Rxe7 21. Qxe7 Nd5 22. Qh4 Nxf4 23. Qxf4 Qb8 24. Qxb8 Rxb8 25. b3 Bxc3 26. Rc1 Rd8 27. Kf1 Bb2 28. Rxc6 Rd1+ 29. Ke2 Rh1 30. Ra6 g5 31. h3 Ra1 32. Rxa7 h6 33. b4 Kg7 34. b5 Bf6 35. Nd2 Bc3 36. Nb3 Rb1 37. b6 Rb2+ 38. Kd3 Be5 39. Re7 Bd6 40. Rd7 Be5 41. Ke4 Kf6 42. b7 Re2+ 43. Kd3 Rxa2 44. Nc5 Rxf2 45. Ne4+ Ke6 46. Nc5+ 1-0


[Site "https://www.chess.com"]

[Event "Titled Tuesday Blitz October 31 Late 2023"]
[White "ChessLebaneseSalah"]
[Black "Clawitter, Craig"]
[BlackFideId "2023105"]
[WhiteElo "2399"]
[BlackElo "2228"]
[Result "1-0"]
[Round "6"]
[TimeControl "180+1"]
[Date "2023.10.31"]
[WhiteClock "0:00:10"]
[BlackClock "0:00:00"]
[Board "126"]

1. e4 e6 2. d4 d5 3. e5 c5 4. c3 Qb6 5. Nf3 Nc6 6. Bd3 cxd4 7. O-O Bd7 8. Re1 Nge7 9. h4 dxc3 10. Nxc3 a6 11. Be3 Qd8 12. Na4 Ng6 13. h5 Ngxe5 14. Nxe5 Nxe5 15. Bb6 Qf6 16. Bd4 Nf3+ 17. gxf3 Qxd4 18. Nc3 Bb4 19. Qe2 Bxc3 20. bxc3 Qf6 21. Rab1 Bc6 22. Rb4 h6 23. Rg4 O-O 24. Bb1 Qxc3 25. Kh2 Rac8 26. Reg1 Bb5 27. Qe3 Qf6 28. Rxg7+ Qxg7 29. Qxh6 1-0


[Site "https://www.chess.com"]

[Event "Titled Tuesday Blitz October 31 Late 2023"]
[White "Guha, Eshan"]
[Black "Alfaro, William"]
[WhiteFideId "30958628"]
[BlackFideId "6100457"]
[WhiteElo "2384"]
[BlackElo "2188"]
[Result "0-1"]
[Round "6"]
[TimeControl "180+1"]
[Date "2023.10.31"]
[WhiteClock "0:00:06"]
[BlackClock "0:00:06"]
[Board "127"]

1. d4 Nf6 2. c4 g6 3. g3 Bg7 4. Bg2 c6 5. e4 d6 6. Nc3 O-O 7. Nge2 e5 8. O-O Nbd7 9. h3 Re8 10. Be3 a6 11. a4 Qc7 12. Qc2 exd4 13. Nxd4 Ne5 14. b3 c5 15. Nde2 Nc6 16. Rad1 Nb4 17. Qb1 Bd7 18. Kh2 Bc6 19. Nd5 Bxd5 20. cxd5 b5 21. Rc1 bxa4 22. bxa4 Qa5 23. Nc3 Rab8 24. Qa1 Nd7 25. Bd2 Ne5 26. Rfd1 Ned3 27. Rb1 Nxf2 28. Rf1 Nfd3 29. Qa3 Nc2 30. Qc1 Nd4 31. Qd1 Nb4 32. Ne2 Nxe2 33. Qxe2 Qxa4 34. Qf3 Re7 35. Bg5 Reb7 36. Bf4 Qd7 37. h4 h5 38. Bh3 Qe7 39. Bg5 Qe5 40. Bf4 Qf6 41. Qg2 Qe7 42. Bg5 Qe8 43. Bf6 a5 44. Bxg7 Kxg7 45. Qb2+ Kg8 46. Qf6 Qe7 47. Qf4 Qe5 48. Qf3 Nc2 49. Rbc1 Nd4 50. Qg2 a4 51. Rf2 a3 52. Rcf1 Rb2 53. Qg1 Rxf2+ 54. Qxf2 Rb2 55. Kg2 Rxf2+ 56. Rxf2 Nb3 57. Ra2 Qc3 58. Rxa3 Qb4 59. Ra2 c4 60. Rf2 c3 61. Be6 fxe6 62. dxe6 Qxe4+ 63. Kh2 Qxe6 64. Rc2 Qc4 65. Rxc3 Qxc3 0-1


[Site "https://www.chess.com"]

[Event "Titled Tuesday Blitz October 31 Late 2023"]
[White "Baghdasaryan, Vahe"]
[Black "Petersson, Kjell"]
[WhiteFideId "13303139"]
[BlackFideId "1705148"]
[WhiteElo "2373"]
[BlackElo "2154"]
[Result "1-0"]
[Round "6"]
[TimeControl "180+1"]
[Date "2023.10.31"]
[WhiteClock "0:00:07"]
[BlackClock "0:00:00"]
[Board "128"]

1. e4 c5 2. Nf3 d6 3. d4 cxd4 4. Nxd4 Nf6 5. Nc3 g6 6. Be3 Bg7 7. f3 O-O 8. Qd2 Nc6 9. Bc4 Nd7 10. Bb3 Nb6 11. O-O-O Na5 12. h4 Nbc4 13. Qe2 Nxe3 14. Qxe3 Nxb3+ 15. cxb3 Bd7 16. h5 a5 17. Kb1 a4 18. bxa4 Bxa4 19. Rc1 Qa5 20. hxg6 hxg6 21. Nd5 Rfe8 22. a3 Qa7 23. Nc2 b5 24. Qxa7 Rxa7 25. Ncb4 e6 26. Nb6 Rb7 27. Nxa4 bxa4 28. Rc6 d5 29. Rd1 dxe4 30. fxe4 Reb8 31. Rdc1 Bf6 32. Rc8+ Rxc8 33. Rxc8+ Kg7 34. Ra8 Rd7 35. Rxa4 Rd2 36. Nc2 Rxg2 37. Rc4 g5 38. a4 g4 39. a5 g3 40. a6 Rg1+ 41. Ka2 g2 42. e5 Ra1+ 43. Nxa1 g1=Q 44. exf6+ Kxf6 45. Ra4 Qa7 46. Nb3 e5 47. Nd2 Kf5 48. Ne4 Ke6 49. Nc3 f5 50. b4 e4 51. Kb3 e3 52. Nb5 Qb6 53. a7 e2 54. a8=Q e1=Q 55. Qe8+ Kf6 56. Qxe1 1-0


[Site "https://www.chess.com"]

[Event "Titled Tuesday Blitz October 31 Late 2023"]
[White "Kujawski, Adam"]
[Black "VitaliyChayka"]
[WhiteFideId "1100920"]
[WhiteElo "2336"]
[BlackElo "2150"]
[Result "0-1"]
[Round "6"]
[TimeControl "180+1"]
[Date "2023.10.31"]
[WhiteClock "0:00:00"]
[BlackClock "0:00:19"]
[Board "129"]

1. e4 d6 2. d4 g6 3. Nc3 c6 4. a4 a5 5. h3 d5 6. exd5 cxd5 7. Bf4 Nf6 8. Nb5 Na6 9. Nf3 Bg7 10. Bd3 O-O 11. O-O Ne4 12. c3 Bf5 13. g4 Be6 14. Qe2 f5 15. g5 Rc8 16. h4 Qd7 17. Be5 Nb8 18. Bxg7 Kxg7 19. Ne5 Qd8 20. Kh2 Nc6 21. f4 Nxe5 22. fxe5 Qb6 23. Rf4 Rh8 24. Rg1 Qd8 25. h5 h6 26. gxh6+ Rxh6 27. Rxg6+ Rxg6 28. hxg6 Qh8+ 29. Kg2 Qh6 30. Rf3 Rh8 31. Bxe4 Qh2+ 32. Kf1 Qh1+ 33. Kf2 Rh2+ 34. Ke3 Rxe2+ 35. Kxe2 dxe4 36. Rf2 Qh5+ 37. Kd2 Qg5+ 38. Kc2 e3 39. Rh2 Kxg6 40. Nc7 Qg3 0-1


[Site "https://www.chess.com"]

[Event "Titled Tuesday Blitz October 31 Late 2023"]
[White "Minina, Veronika"]
[Black "Oliveira, Tiago Batista"]
[WhiteFideId "4174780"]
[BlackFideId "2108291"]
[WhiteElo "2333"]
[BlackElo "2052"]
[Result "1-0"]
[Round "6"]
[TimeControl "180+1"]
[Date "2023.10.31"]
[WhiteClock "0:00:22"]
[BlackClock "0:00:00"]
[Board "130"]

1. Nf3 Nf6 2. g3 g6 3. Bg2 Bg7 4. c4 d6 5. O-O e5 6. d3 O-O 7. Nc3 Nc6 8. Rb1 h6 9. b4 Be6 10. Bd2 Qd7 11. Re1 Rad8 12. c5 a6 13. a4 Bh3 14. Bh1 Nd4 15. Qc1 Kh7 16. b5 axb5 17. cxd6 Nxf3+ 18. Bxf3 cxd6 19. Rxb5 Rb8 20. Qb1 d5 21. Nxd5 Nxd5 22. Rxd5 Qxa4 23. Ra5 Qd7 24. Bb4 Rfc8 25. Be4 b6 26. Rd5 Qe6 27. Rd6 Qe8 28. Rc1 Be6 29. Rcc6 Rxc6 30. Bxc6 Qc8 31. Be4 Bf8 32. Rc6 Qa6 33. Bxf8 Rxf8 34. Rxb6 Qa3 35. Kg2 Rc8 36. Rc6 Rxc6 37. Bxc6 Qc3 38. Bf3 f5 39. Qb7+ Kg8 40. Qe7 Bf7 41. Qd8+ Kg7 42. Qe7 Kg8 43. h4 Kg7 44. h5 g5 45. Bd5 1-0


[Site "https://www.chess.com"]

[Event "Titled Tuesday Blitz October 31 Late 2023"]
[White "Burke, Paul"]
[Black "Padalka, Artem"]
[WhiteFideId "2605767"]
[BlackFideId "14118637"]
[WhiteElo "1888"]
[BlackElo "2331"]
[Result "0-1"]
[Round "6"]
[TimeControl "180+1"]
[Date "2023.10.31"]
[WhiteClock "0:00:00"]
[BlackClock "0:00:19"]
[Board "131"]

1. e4 e5 2. Nf3 Nc6 3. Bc4 Bc5 4. b4 Nxb4 5. c3 Nc6 6. d4 exd4 7. O-O d6 8. cxd4 Bb6 9. Nc3 Bg4 10. Be3 Bxf3 11. Qxf3 Qf6 12. Qd1 Nge7 13. e5 dxe5 14. dxe5 Qxe5 15. Bxb6 Qxc3 16. Rc1 Qf6 17. Bxc7 O-O 18. Bd6 Rad8 19. Bxe7 Rxd1 20. Bxf6 Rxf1+ 21. Kxf1 gxf6 22. Bd5 Rc8 23. Bxc6 Rxc6 24. Rxc6 bxc6 25. Ke2 Kf8 26. Kd3 Ke7 27. Kc4 Kd6 28. g4 a5 29. f4 c5 30. h4 Kc6 31. a4 Kd6 32. f5 Kc6 33. g5 Kd6 34. gxf6 Kc6 35. h5 h6 0-1


[Site "https://www.chess.com"]

[Event "Titled Tuesday Blitz October 31 Late 2023"]
[White "Zivic, Dragan"]
[Black "Gyulamiryan-koryun"]
[WhiteFideId "904740"]
[WhiteElo "2312"]
[BlackElo "1907"]
[Result "1-0"]
[Round "6"]
[TimeControl "180+1"]
[Date "2023.10.31"]
[WhiteClock "0:01:28"]
[BlackClock "0:00:00"]
[Board "132"]

1. c4 Nf6 2. Nc3 g6 3. d4 Bg7 4. e4 d6 5. h3 O-O 6. Be3 Nbd7 7. g4 c5 8. d5 Ne5 9. f4 Bxg4 10. hxg4 Nexg4 11. Bd2 h5 12. Nf3 Nd7 13. Bh3 f5 14. Bxg4 fxg4 15. Ng5 Qb6 16. Qc2 Qb4 17. Ne6 Qxc4 18. Nxf8 Rxf8 19. O-O-O Nb6 20. e5 Bh6 21. Qxg6+ Bg7 22. Qxh5 Nxd5 23. e6 1-0


[Site "https://www.chess.com"]

[Event "Titled Tuesday Blitz October 31 Late 2023"]
[White "Vargas, Mauricio"]
[Black "Skaric, Djuro"]
[WhiteFideId "4404572"]
[BlackFideId "934569"]
[WhiteElo "1853"]
[BlackElo "2308"]
[Result "0-1"]
[Round "6"]
[TimeControl "180+1"]
[Date "2023.10.31"]
[WhiteClock "0:01:10"]
[BlackClock "0:02:03"]
[Board "133"]

1. e4 d6 2. Nc3 g6 3. f4 Bg7 4. Bc4 Nc6 5. Nf3 Bg4 6. Bxf7+ Kxf7 7. Ng5+ Ke8 8. Qxg4 Nh6 9. Qh3 Qd7 10. Ne6 Bxc3 11. bxc3 Rg8 12. O-O Nd8 13. f5 gxf5 14. exf5 Nxe6 15. fxe6 Qc6 16. Qxh6 Qxg2# 0-1


[Site "https://www.chess.com"]

[Event "Titled Tuesday Blitz October 31 Late 2023"]
[White "KorolDimitriy75"]
[Black "Lukey, Stephen G"]
[BlackFideId "4300386"]
[WhiteElo "2339"]
[BlackElo "2224"]
[Result "1-0"]
[Round "6"]
[TimeControl "180+1"]
[Date "2023.10.31"]
[WhiteClock "0:00:19"]
[BlackClock "0:00:02"]
[Board "134"]

1. d4 Nf6 2. c4 g6 3. Nc3 Bg7 4. e4 O-O 5. Nf3 d6 6. Be2 e5 7. dxe5 dxe5 8. Qxd8 Rxd8 9. Bg5 c6 10. Nxe5 Re8 11. O-O-O Na6 12. Rd6 Be6 13. f4 h6 14. Bh4 Nc5 15. Bf3 Nfd7 16. Nxd7 Nxd7 17. Kc2 a5 18. Rhd1 Nc5 19. Bf2 Na6 20. b3 g5 21. g3 gxf4 22. gxf4 Nb4+ 23. Kb2 a4 24. e5 a3+ 25. Kb1 f6 26. Bg3 fxe5 27. fxe5 Bf5+ 28. Be4 Bxe4+ 29. Nxe4 Bxe5 30. Nf6+ Bxf6 31. Rxf6 Re2 32. Rd7 Rb2+ 33. Kc1 Rxa2 34. Rg6+ Kh8 35. Be5# 1-0


[Site "https://www.chess.com"]

[Event "Titled Tuesday Blitz October 31 Late 2023"]
[White "Bokros, Albert"]
[Black "Krasik, Ilya"]
[WhiteFideId "710458"]
[BlackFideId "2024527"]
[WhiteElo "2325"]
[BlackElo "2023"]
[Result "1-0"]
[Round "6"]
[TimeControl "180+1"]
[Date "2023.10.31"]
[WhiteClock "0:00:14"]
[BlackClock "0:00:09"]
[Board "135"]

1. e4 d5 2. exd5 Nf6 3. d4 Nxd5 4. c4 Nb6 5. c5 Nd5 6. Nc3 g6 7. Bc4 c6 8. Nf3 Bg7 9. O-O O-O 10. Re1 Bg4 11. Bg5 Bf6 12. Bxf6 exf6 13. Bxd5 cxd5 14. h3 Be6 15. Qd2 Kg7 16. Ne2 Nc6 17. Nf4 Qd7 18. b4 a6 19. a4 a5 20. b5 Nb4 21. Rac1 Rac8 22. Nd3 Nxd3 23. Qxd3 Bf5 24. Qc3 Be4 25. Nd2 Rfd8 26. Nxe4 dxe4 27. Rxe4 Qd5 28. Rce1 f5 29. Re7 Qxd4 30. Qxd4+ Rxd4 31. Rxb7 Rxc5 32. Ree7 Rxa4 33. Rxf7+ Kh6 34. Rxh7+ Kg5 35. g3 f4 36. h4+ Kg4 37. Rbg7 Kf3 38. Rf7 Rxb5 39. Rxf4+ Rxf4 40. gxf4 Kxf4 41. Kg2 a4 42. Ra7 Rb4 43. Ra6 Kg4 44. Rxg6+ Kxh4 45. Ra6 Kg4 46. Ra5 Kf4 47. Ra8 Ke4 48. f3+ Kf4 49. Rf8+ Ke5 50. Re8+ Kf5 51. Rf8+ Ke5 52. Kg3 a3 53. f4+ Ke4 54. Re8+ Kf5 55. Re5+ Kf6 56. Ra5 Rb3+ 57. Kg4 Rc3 58. Ra6+ Ke7 59. f5 Rc4+ 60. Kg5 Rc3 61. f6+ Kf7 62. Ra7+ Ke6 63. Re7+ Kd6 64. Re2 Rg3+ 65. Kh6 Rf3 66. Kg7 Rg3+ 67. Kf8 Kd7 68. f7 Rg5 69. Ra2 Rg3 70. Rd2+ Ke6 71. Ke8 Rb3 72. f8=Q Rb8+ 73. Rd8 1-0


[Site "https://www.chess.com"]

[Event "Titled Tuesday Blitz October 31 Late 2023"]
[White "Desideri, Ricardo Maruchi"]
[Black "Fernandez, Maria Florencia"]
[WhiteFideId "2110440"]
[BlackFideId "116459"]
[WhiteElo "1955"]
[BlackElo "2313"]
[Result "0-1"]
[Round "6"]
[TimeControl "180+1"]
[Date "2023.10.31"]
[WhiteClock "0:00:00"]
[BlackClock "0:00:01"]
[Board "136"]

1. e4 c5 2. Nf3 d6 3. d4 cxd4 4. Nxd4 Nf6 5. Nc3 g6 6. Be3 Bg7 7. Bc4 O-O 8. h4 Nc6 9. f3 Na5 10. Bb3 Bd7 11. h5 Nxb3 12. axb3 e5 13. Nde2 Bc6 14. hxg6 fxg6 15. Qd2 d5 16. exd5 Nxd5 17. Bh6 Nxc3 18. Qxc3 Bxh6 19. Rxh6 Qg5 20. Rh2 Rf7 21. Ra5 Re8 22. Qc4 Qd8 23. Rxh7 Rf8 24. Rxe5 Kxh7 25. Qg4 Kg7 26. Rg5 Qd6 27. Nd4 Re8+ 28. Kf1 Kf8 29. Rxg6 Qe5 30. Rg8+ Ke7 31. Qh4+ Kd6 32. Rxe8 Bxe8 0-1


[Site "https://www.chess.com"]

[Event "Titled Tuesday Blitz October 31 Late 2023"]
[White "Smirnov, Timofey"]
[Black "Flameboard08"]
[WhiteFideId "24176427"]
[WhiteElo "2197"]
[BlackElo "2579"]
[Result "0-1"]
[Round "6"]
[TimeControl "180+1"]
[Date "2023.10.31"]
[WhiteClock "0:00:08"]
[BlackClock "0:00:02"]
[Board "137"]

1. d4 b6 2. Bf4 Bb7 3. e3 d6 4. Nf3 g6 5. h3 Bg7 6. Be2 Nd7 7. O-O e5 8. dxe5 dxe5 9. Bh2 Ne7 10. c3 O-O 11. Nbd2 Nc6 12. a4 Qe7 13. Qc2 a5 14. Rad1 f5 15. Bb5 Nc5 16. Nb3 Na6 17. Rd2 Na7 18. Rd7 Qe6 19. Rxg7+ Kxg7 20. Bxe5+ Kg8 21. Nbd4 Qd5 22. Be2 Rae8 23. b3 Qd8 24. Bc4+ Rf7 25. Bxf7+ Kxf7 26. h4 Qd5 27. Ng5+ Kg8 28. Bf4 Qxg2# 0-1


[Site "https://www.chess.com"]

[Event "Titled Tuesday Blitz October 31 Late 2023"]
[White "Do Nascimento,Christian Almeida"]
[Black "Perry, Patrick"]
[WhiteFideId "2143801"]
[BlackFideId "30917727"]
[WhiteElo "2560"]
[BlackElo "2194"]
[Result "1-0"]
[Round "6"]
[TimeControl "180+1"]
[Date "2023.10.31"]
[WhiteClock "0:01:33"]
[BlackClock "0:01:54"]
[Board "138"]

1. d4 Nf6 2. c4 c5 3. d5 e6 4. Nc3 exd5 5. cxd5 d6 6. e4 Nbd7 7. Nf3 Be7 8. a4 O-O 9. Be2 Re8 10. O-O Bf8 11. Qc2 h6 12. h3 Ne5 13. Nxe5 Rxe5 14. Bf4 Re8 15. Bh2 g5 16. f4 gxf4 17. Rxf4 Bg7 18. Raf1 a6 19. Bg3 Qc7 20. Rxf6 Bxf6 21. Rxf6 Kg7 22. Rxd6 Qe7 23. Bf4 Rh8 24. e5 Qh4 25. Qe4 Qe1+ 26. Kh2 Qf2 27. Bg3 Qd4 28. Qf3 Re8 29. Qf6+ Kh7 1-0


[Site "https://www.chess.com"]

[Event "Titled Tuesday Blitz October 31 Late 2023"]
[White "Martin Carmona, Gaston Manuel"]
[Black "Mariia89"]
[WhiteFideId "22284567"]
[WhiteElo "2528"]
[BlackElo "2178"]
[Result "1-0"]
[Round "6"]
[TimeControl "180+1"]
[Date "2023.10.31"]
[WhiteClock "0:02:57"]
[BlackClock "0:02:57"]
[Board "139"]

1. Nf3 c5 2. b3 Nc6 3. Bb2 Nf6 4. c4 g6 5. g3 Bg7 6. Bg2 O-O 7. O-O d6 8. d4 cxd4 9. Nxd4 Bd7 10. Nc3 Nxd4 11. Qxd4 Bc6 12. Nd5 Nxd5 13. Qxg7# 1-0


[Site "https://www.chess.com"]

[Event "Titled Tuesday Blitz October 31 Late 2023"]
[White "Adel, Sara"]
[Black "Chocenka, Dmitrijus"]
[WhiteFideId "10616764"]
[BlackFideId "12802336"]
[WhiteElo "2176"]
[BlackElo "2475"]
[Result "0-1"]
[Round "6"]
[TimeControl "180+1"]
[Date "2023.10.31"]
[WhiteClock "0:01:07"]
[BlackClock "0:00:48"]
[Board "140"]

1. e4 c5 2. Nc3 Nc6 3. f4 g6 4. Nf3 Bg7 5. Bc4 e6 6. O-O Nge7 7. Qe1 O-O 8. d3 d5 9. Bb3 Nd4 10. Nxd4 cxd4 11. Ne2 dxe4 12. dxe4 a5 13. a3 b5 14. Ng3 Bb7 15. f5 gxf5 16. exf5 Nxf5 17. Nxf5 exf5 18. Rxf5 a4 19. Ba2 Qd7 20. Rg5 h6 21. Rg3 Rae8 22. Qd2 Qc6 23. Qxh6 Re1+ 24. Kf2 Qxc2+ 25. Bd2 Qf5+ 26. Kxe1 Re8+ 27. Kd1 Qf1+ 28. Be1 Qxe1+ 29. Kc2 Be4+ 30. Rd3 Rc8+ 0-1


[Site "https://www.chess.com"]

[Event "Titled Tuesday Blitz October 31 Late 2023"]
[White "iJueles"]
[Black "Wisniowski, Natalie"]
[BlackFideId "30929261"]
[WhiteElo "2433"]
[BlackElo "2156"]
[Result "1-0"]
[Round "6"]
[TimeControl "180+1"]
[Date "2023.10.31"]
[WhiteClock "0:00:40"]
[BlackClock "0:00:00"]
[Board "141"]

1. d4 Nf6 2. Bg5 e6 3. Nf3 d5 4. e3 Be7 5. Nbd2 O-O 6. Bd3 c5 7. c3 Nc6 8. O-O b6 9. Ne5 Bb7 10. f4 Rc8 11. Qf3 h6 12. Bxf6 Bxf6 13. Kh1 Qe7 14. Qh3 a6 15. Nxc6 Rxc6 16. g4 g6 17. Qxh6 Bg7 18. Qh3 b5 19. Nf3 b4 20. Ng5 Rfc8 21. Nf3 bxc3 22. bxc3 cxd4 23. cxd4 Rc3 24. Rfd1 a5 25. Rab1 Bc6 26. Qf1 Ba4 27. Rdc1 Qc7 28. Rxc3 Qxc3 29. Qe2 Qa3 30. Kg2 Rc3 31. Ne1 Rc8 32. Kf2 Qe7 33. Nf3 Qa3 34. Qb2 Qe7 35. Rc1 Qd7 36. Rxc8+ Qxc8 37. Qa3 Qc6 38. h3 Bf8 39. Qb2 Qc7 40. Ne5 Bd7 41. g5 Bc6 42. Qc2 Qb7 43. Nxc6 1-0


[Site "https://www.chess.com"]

[Event "Titled Tuesday Blitz October 31 Late 2023"]
[White "Fernandez Hernandez, Gerardo"]
[Black "Bibasa, Bob"]
[WhiteFideId "2207400"]
[BlackFideId "10000240"]
[WhiteElo "2148"]
[BlackElo "2423"]
[Result "0-1"]
[Round "6"]
[TimeControl "180+1"]
[Date "2023.10.31"]
[WhiteClock "0:01:31"]
[BlackClock "0:02:28"]
[Board "142"]

1. e4 c5 2. Nc3 Nc6 3. f4 g6 4. Nf3 Bg7 5. a3 e6 6. b4 d5 7. exd5 exd5 8. bxc5 d4 9. Nb5 Qe7+ 10. Kf2 Qxc5 11. d3 Qxb5 0-1


[Site "https://www.chess.com"]

[Event "Titled Tuesday Blitz October 31 Late 2023"]
[White "szachmistrz2500"]
[Black "Guevara Sanchez, Erick Marvin"]
[BlackFideId "6700136"]
[WhiteElo "2408"]
[BlackElo "2144"]
[Result "1-0"]
[Round "6"]
[TimeControl "180+1"]
[Date "2023.10.31"]
[WhiteClock "0:00:46"]
[BlackClock "0:01:02"]
[Board "143"]

1. Nf3 d5 2. g3 Nf6 3. Bg2 e6 4. O-O c5 5. d3 Nc6 6. Nbd2 Bd6 7. e4 O-O 8. Re1 Bc7 9. c3 b6 10. Qe2 Bb7 11. Nf1 dxe4 12. dxe4 Ne5 13. Nxe5 Bxe5 14. f4 Bc7 15. g4 e5 16. g5 Nd7 17. f5 f6 18. h4 Qe7 19. Ng3 Rfd8 20. Be3 Nf8 21. Qg4 Rd3 22. Nh5 Kh8 23. Bf1 Rd7 24. Re2 Qf7 25. Rg2 Re7 26. gxf6 gxf6 27. Nxf6 Nd7 28. Nxd7 Rxd7 29. b3 Rd3 30. Bxd3 1-0


[Site "https://www.chess.com"]